 Dungeon Crawl Stone Soup version 0.30.1-11-g7821555f0a (webtiles) character file.

Game seed: 10345169311223797954

18412 Ijustatesigmund the Geomancer (level 12, 0/68 HPs)
             Began as a Gargoyle Earth Elementalist on Nov 27, 2023.
             Was a Priest of Cheibriados.
             Shot with an arrow by a centaur warrior (10 damage)
             ... on level 13 of the Dungeon.
             The game lasted 00:35:36 (18821 turns).

Ijustatesigmund the Geomancer (GrEE)               Turns: 18821, Time: 00:35:37

Health: 0/68       AC: 17    Str: 19    XL:     12   Next: 58%
Magic:  22/24      EV: 17    Int: 28    God:    Cheibriados [***...]
Gold:   837        SH:  0    Dex: 22    Spells: 8/27 levels left

rFire   . . .        c - +4 morningstar
rCold   + . .        (no shield)
rNeg    + + .        a - +1 troll leather armour {Snorg}
rPois   ∞            E - +2 hat
rElec   +            (no cloak)
rCorr   .            (no gloves)
SInv    .            G - +0 pair of boots of Wu Jian's Wrath {rC+ rN+ Dex+5 Stlth+}
Will    .....        l - amulet of regeneration
Stlth   +++          t - +5 ring of evasion
HPRegen 1.91/turn    d - ring of wizardry
MPRegen 0.19/turn

%: wizardry (x1)
@: studying Unarmed Combat, very slow
A: sickness immunity, AC +8, negative energy resistance 1, electricity
resistance, torment resistance 1, petrification resistance
a: Renounce Religion, Bend Time, Temporal Distortion


You were on level 13 of the Dungeon.
You worshipped Cheibriados.
Cheibriados was most pleased with you.
You visited 2 branches of the dungeon, and saw 15 of its levels.

You collected 2289 gold pieces.
You spent 1452 gold pieces at shops.

Inventory:

Hand Weapons
 c - a +4 morningstar (weapon)
Missiles
 D - a throwing net
Armour
 a - a +1 troll leather armour (worn) {Snorg}
 h - a +0 pair of boots
 E - a +2 hat (worn)
 F - a +0 kite shield
 G - the +0 pair of boots of Wu Jian's Wrath (worn) {rC+ rN+ Dex+5 Stlth+}
   (You found it on level 11 of the Dungeon)

   Dex:       It affects your dexterity (+5).
   rC:        It protects you from cold.
   rN:        It protects you from negative energy.
   Stlth:     It makes you more stealthy.
Jewellery
 d - a ring of wizardry (right hand)
 l - an amulet of regeneration (around neck)
 m - a ring of protection from cold
 o - a ring of willpower
 t - a +5 ring of evasion (left hand)
 w - a ring of resist corrosion
 x - a +4 ring of protection
 H - a ring of see invisible
 L - a ring of flight
Wands
 s - a wand of quicksilver (11)
 v - a wand of flame (9)
 A - a wand of digging (1)
Scrolls
 i - a scroll of fog
 n - a scroll of teleportation
 p - 2 scrolls of magic mapping
 y - a scroll of poison
 C - a scroll of identify
 I - a scroll of blinking
 J - a scroll of fear
Potions
 b - 3 potions of magic
 e - 2 potions of attraction
 f - 2 potions of invisibility
 g - a potion of heal wounds
 j - a potion of berserk rage
 k - 3 potions of flight
 q - 6 potions of lignification
 r - 6 potions of curing
 u - 3 potions of mutation
 z - 2 potions of brilliance
 B - a potion of ambrosia
 K - a potion of cancellation {unknown}


   Skills:
 + Level 5.1 Fighting
 + Level 4.8 Maces & Flails
 - Level 3.0 Armour
 - Level 1.9 Dodging
 - Level 2.1 Stealth
 - Level 1.2 Shields
 + Level 8.4 Spellcasting
 + Level 11.2 Conjurations
 - Level 6.7 Translocations
 + Level 1.8 Transmutations
 + Level 11.2 Earth Magic
 + Level 6.3 Invocations
 - Level 1.2 Evocations


You had 8 spell levels left.
You knew the following spells:

 Your Spells              Type           Power      Damage    Failure   Level
a - Sandblast             Erth           100%       2d20      1%          1
b - Stone Arrow           Conj/Erth      100%       3d13      1%          3
c - Iskenderun's Mystic   Conj/Tloc      58%        2d12      1%          4
d - Iron Shot             Conj/Erth      32%        9d7       3%          6
e - Irradiate             Conj/Tmut      24%        3d19      4%          5

Your spell library contained the following spells:

 Spells                   Type           Power      Damage    Failure   Level
 Magic Dart               Conj           100%       1d8       1%          1
 Passwall                 Tmut/Erth      40%        N/A       1%          2
 Dazzling Flash           Conj/Hex       86%        N/A       1%          3
 Mephitic Cloud           Conj/Pois/Air  32%        N/A       1%          3
 Portal Projectile        Hex/Tloc       60%        N/A       1%          3
 Volatile Blastmotes      Fire/Tloc      60%        2d15      1%          3
 Petrify                  Tmut/Erth      48%        N/A       1%          4
 Lee's Rapid Deconstruct  Erth           32%        3d17*     1%          5
 Slow                     Hex            44%        N/A       2%          1
 Animate Armour           Summ/Erth      86%        N/A       2%          4
 Fulminant Prism          Conj/Hex       21%        3d12      2%          4
 Leda's Liquefaction      Hex/Erth       21%        N/A       2%          4
 Call Imp                 Summ           22%        N/A       3%          2
 Borgnjor's Vile Clutch   Necr/Erth      21%        N/A       6%          5
 Confusing Touch          Hex            11%        N/A       7%          3
 Frozen Ramparts          Ice            22%        1d4       7%          3
 Tukima's Dance           Hex            11%        N/A       7%          3
 Vampiric Draining        Necr           11%        2d6       7%          3
 Ice Form                 Ice/Tmut       16%        N/A       16%         4
 Dispel Undead            Necr           11%        3d9       22%         4
 Summon Ice Beast         Ice/Summ       11%        N/A       22%         4
 Blade Hands              Tmut           11%        N/A       28%         5
 Conjure Ball Lightning   Conj/Air       21%        3x3d6     32%         6
 Starburst                Conj/Fire      21%        6d7       32%         6
 Alistair's Intoxication  Tmut/Pois      10%        N/A       38%         5
 Lehudib's Crystal Spear  Conj/Erth      32%        10d8      80%         8
 Eringya's Noxious Bog    Tmut/Pois      8%         N/A       90%         6
 Death Channel            Necr           5%         N/A       96%         6
 Storm Form               Tmut/Air       8%         N/A       100%        7
 Shatter                  Erth           32%        3d26*     100%        9
 Cigotuvi's Dreadful Rot  Necr/Pois/Air  Unusable   N/A       N/A         2

Dungeon Overview and Level Annotations

Branches:
Dungeon (14/15)            Temple (1/1) D:5            Lair (0/5) D:10
    Orc (0/2) D:12
 Vaults: D:13-14

Altars:
Ashenzari
Cheibriados
Dithmenos
Elyvilon
Fedhas
Gozag
Hepliaklqana
Kikubaaqudgha
Makhleb
Nemelex Xobeh
Okawaru
Qazlal
Ru
Sif Muna
Trog
Uskayaw
Vehumet
Wu Jian
Xom
Yredelemnul
Zin
The Shining One

Shops:
D:3 =   D:5 *   D:6 :   D:12 :

Annotations:
D:4 1 runed translucent door, bimbombam's ghost, novice DjFE
D:8 3 runed translucent doors, H0rd4k's ghost, novice HuAr
D:10 3 runed translucent doors, jotaen's ghost, journeyman MiMo


Innate Abilities, Weirdness & Mutations

You are immune to sickness and miasma.
Your stone body is resilient. (AC +8)
You are immune to poison.
You resist negative energy. (rN+)
You are resistant to electric shocks. (rElec)
You are resistant to unholy torment.
You are immune to petrification.


Message History

Cheibriados thoroughly appreciates the change of pace.
You start resting.
HP restored.
You start resting.
A centaur warrior is nearby!
You climb upwards.
There is a stone staircase leading down here.
You start resting.
Magic restored.
You start waiting.
Done waiting.
You climb downwards.
There is a stone staircase leading up here.
The centaur warrior shouts!
You hear a shout!
The centaur warrior shoots an arrow.
The arrow hits you.
The centaur warrior shoots an arrow.
The arrow hits you!
The centaur warrior shoots an arrow.
The arrow barely misses you.
The centaur warrior shoots an arrow.
The arrow hits you!
The centaur warrior shoots an arrow.
The arrow hits you!
Casting: Stone Arrow (safe; 1% risk of failure)
Confirm with . or Enter, or press ? or * to list all spells.
Aiming: Stone Arrow (safe; 1% risk of failure)
Press: ? - help, Shift-Dir - straight line, f - centaur warrior
Aim: a centaur warrior, wielding a +0 shortbow (84% to hit)
The stone arrow hits the centaur warrior!!
The centaur warrior is moderately wounded.
The centaur warrior shoots an arrow.
The arrow closely misses you.
The centaur warrior shoots an arrow.
The arrow hits you but does no damage.
The centaur warrior shoots an arrow.
The arrow hits you!
The cyclops throws a large rock.
The large rock closely misses you.
The centaur warrior shoots an arrow.
The arrow hits you!
* * * LOW HITPOINT WARNING * * *
The centaur warrior shoots an arrow.
The arrow hits you!
* * * LOW HITPOINT WARNING * * *
You feel much better.
The centaur warrior shoots an arrow.
The arrow barely misses you.
The cyclops throws a large rock.
The large rock hits you!!
* * * LOW HITPOINT WARNING * * *
The centaur warrior shoots an arrow.
The arrow hits you!
You die...

###... ......
..... ....
#####..##########.
..................
....c.............
..C......@<.......
../...##########..
..... ##. .... ...
... ... .. ### .


You could see a centaur warrior and a cyclops.

Vanquished Creatures
  Snorg (D:11)
  A centaur warrior (D:12)
  2 two-headed ogres
  A tengu warrior (D:13)
  Sonja (D:10)
  Lodul (D:9)
  A deep elf pyromancer (D:12)
  2 ugly things
  A cyclops (D:10)
  A komodo dragon (D:12)
  2 kobold demonologists
  2 unseen horrors
  3 trolls
  A hornet (D:8)
  13 slime creatures
  A spriggan (shapeshifter) (D:12)
  A wyvern (D:7)
  9 yaks (D:9)
  12 vampire mosquitoes
  3 steam dragons
  An acid dragon (D:8)
  A water moccasin (D:8)
  An ice beast (D:8)
  2 orc warriors
  3 black bears
  9 centaurs
  8 ogres
  8 kobold brigands
  A bullfrog (D:7)
  2 gnoll sergeants
  13 wights
  7 howler monkeys
  4 electric eels
  A jelly (D:5)
  5 orc priests
  5 hounds
  A gnoll bouda (D:9)
  5 iguanas
  2 orc wizards
  20 gnolls
  5 adders
  A white imp (D:6)
  3 shadow imps
  2 ufetubi
  3 worms
  A dart slug (D:3)
  18 orcs
  10 endoplasms
  3 giant cockroaches
  4 hobgoblins
  25 kobolds
  3 quokkas
  8 ball pythons
  A bat (D:1)
  8 goblins
  8 rats
261 creatures vanquished.

Vanquished Creatures (others)
  A gnoll (D:10)
1 creature vanquished.

Grand Total: 262 creatures vanquished

Notes
Turn   | Place    | Note
-------+----------+-------------------------------------------
     0 | D:1      | Ijustatesigmund the Gargoyle Earth Elementalist began the
                  | quest for the Orb.
     0 | D:1      | Reached XP level 1. HP: 10/10 MP: 3/3
   165 | D:1      | Reached XP level 2. HP: 16/16 MP: 0/5
   289 | D:1      | Reached skill level 1 in Fighting
   551 | D:1      | Reached XP level 3. HP: 20/20 MP: 1/6
   555 | D:1      | Learned a level 3 spell: Stone Arrow
  1164 | D:2      | Reached skill level 1 in Conjurations
  1650 | D:2      | Identified the amulet of the Amoeba {Faith -Tele rF+ SInv}
  1828 | D:3      | Found Ridweetz's Jewellery Emporium.
  1877 | D:3      | Reached XP level 4. HP: 25/25 MP: 4/8
  1927 | D:3      | Found a faded altar of an unknown god.
  1929 | D:3      | Found a hazy altar of Hepliaklqana.
  2370 | D:3      | Found a stormy altar of Qazlal.
  2370 | D:3      | Found a shimmering blue altar of Sif Muna.
  2372 | D:3      | Found a hide-covered altar of Uskayaw.
  3065 | D:3      | Reached skill level 1 in Maces & Flails
  3065 | D:3      | Reached XP level 5. HP: 29/29 MP: 6/9
  3408 | D:4      | Found a runed translucent door.
  3408 | D:4      | Noticed bimbombam's ghost (novice DjFE)
  3709 | D:4      | Reached skill level 5 in Earth Magic
  4155 | D:5      | Entered Level 5 of the Dungeon
  4164 | D:4      | Reached XP level 6. HP: 18/34 MP: 5/11
  4736 | D:5      | Reached XP level 7. HP: 37/38 MP: 7/12
  5033 | D:5      | Found a staircase to the Ecumenical Temple.
  5090 | D:5      | Found Dyboen's Assorted Antiques.
  5095 | D:5      | Bought 3 scrolls labelled ZOUWIESHRAE for 69 gold pieces
  5095 | D:5      | Bought a sapphire potion for 20 gold pieces
  5095 | D:5      | Bought a scroll labelled KOBANU HAAKUYG for 23 gold pieces
  5430 | D:6      | Noticed a steam dragon
  5465 | D:5      | Killed a steam dragon
  5585 | D:6      | Found Mewown's Book Shop.
  5588 | D:6      | Identified the +2 broad axe "Laqavow" {antimagic, rElec
                  | rPois rF++ Int-2}
  5754 | D:6      | Noticed a steam dragon
  5756 | D:6      | Reached XP level 8. HP: 30/43 MP: 14/14
  6321 | D:7      | Reached skill level 5 in Conjurations
  6384 | D:7      | Noticed a wyvern
  6399 | D:6      | Reached skill level 5 in Spellcasting
  6456 | D:7      | Killed a wyvern
  6838 | D:7      | Reached XP level 9. HP: 51/51 MP: 13/17
  7484 | D:7      | Found a white marble altar of Elyvilon.
  7486 | D:7      | Found a glowing golden altar of the Shining One.
  7486 | D:7      | Found a shimmering altar of Xom.
  7488 | D:7      | Found a shimmering blue altar of Sif Muna.
  7488 | D:7      | Found an ancient bone altar of Kikubaaqudgha.
  7488 | D:7      | Found an ancient bone altar of Kikubaaqudgha.
  7692 | D:8      | Noticed a hornet
  7698 | D:8      | Killed a hornet
  7862 | D:8      | Reached skill level 1 in Armour
  8087 | D:8      | Reached skill level 1 in Evocations
  8206 | D:8      | Identified 2 scrolls of acquirement
  8206 | D:8      | Acquired Ijustatesigmund's Omnibus of the Ground
  8214 | D:8      | Acquired 1024 gold pieces
  8283 | D:5      | Bought a twisted cloak for 218 gold pieces
  8283 | D:5      | Identified the +2 cloak "Daeg Emo" {-Cast Fly rF+} (You
                  | bought it in a shop on level 5 of the Dungeon)
  8290 | D:5      | Learned a level 4 spell: Iskenderun's Mystic Blast
  8376 | D:3      | Bought a ring of wizardry for 300 gold pieces
  8376 | D:3      | Bought a +5 ring of evasion for 360 gold pieces
  8387 | D:3      | Learned a level 6 spell: Iron Shot
  8575 | D:8      | Noticed a purple ugly thing
  8577 | D:8      | Found a runed translucent gate.
  8577 | D:8      | Found a runed translucent gate.
  8577 | D:8      | Found a runed translucent gate.
  8580 | D:8      | Noticed H0rd4k's ghost (novice HuAr)
  8589 | D:8      | Killed a purple ugly thing
  8590 | D:8      | Reached XP level 10. HP: 40/57 MP: 0/19
  8744 | D:8      | Noticed an 11-headed hydra
 10266 | D:9      | Reached skill level 5 in Translocations
 10540 | D:9      | Noticed a two-headed ogre
 10553 | D:9      | Killed a two-headed ogre
 10785 | D:9      | Found an ornate altar of the Wu Jian Council.
 10881 | Temple   | Entered the Ecumenical Temple
 10936 | Temple   | Became a worshipper of Cheibriados the Contemplative
 11052 | D:10     | Entered Level 10 of the Dungeon
 11114 | D:10     | Noticed Lodul
 11134 | D:9      | Killed Lodul
 11135 | D:9      | Reached skill level 1 in Invocations
 11135 | D:9      | Reached XP level 11. HP: 28/61 MP: 0/20
 11806 | D:10     | Reached * piety under Cheibriados
 12152 | D:10     | Found a white marble altar of Elyvilon.
 12153 | D:10     | Noticed Sonja
 12170 | D:10     | Killed Sonja
 12633 | D:10     | Noticed a cyclops
 12634 | D:10     | Found a runed translucent gate.
 12635 | D:10     | Found a runed translucent gate.
 12636 | D:10     | Found a runed translucent gate.
 12637 | D:10     | Noticed jotaen's ghost (journeyman MiMo)
 12642 | D:10     | Killed a cyclops
 12643 | D:10     | Reached skill level 10 in Conjurations
 12895 | D:10     | Found a staircase to the Lair.
 13180 | D:11     | Noticed Snorg
 13187 | D:11     | Killed Snorg
 13336 | D:11     | Identified the +0 pair of boots of Wu Jian's Wrath {rC+ rN+
                  | Dex+5 Stlth+}
 13390 | D:11     | You fall into a shaft and drop 3 floors!
 13396 | D:13     | Noticed a tengu warrior
 13400 | D:13     | Killed a tengu warrior
 13401 | D:13     | Reached skill level 10 in Earth Magic
 13487 | D:13     | Noticed a two-headed ogre
 13496 | D:13     | Killed a two-headed ogre
 13700 | D:13     | Noticed a centaur warrior
 13700 | D:13     | Noticed a cyclops
 13919 | D:12     | Noticed a deep elf pyromancer
 13929 | D:12     | Killed a deep elf pyromancer
 13930 | D:12     | Reached skill level 5 in Invocations
 14115 | D:11     | Noticed a purple ugly thing
 14175 | D:11     | Killed a purple ugly thing
 14175 | D:11     | Reached ** piety under Cheibriados
 14176 | D:11     | Reached XP level 12. HP: 61/66 MP: 5/23
 14290 | D:11     | Identified the staff of death "Qaepted" {rN+ Will+ Int+3
                  | SInv}
 15504 | D:12     | Found a staircase to the Orcish Mines.
 15824 | D:12     | Reached skill level 1 in Shields
 16301 | D:12     | Found Gasah's Book Boutique.
 16304 | D:12     | Bought the Cyclopedia of Altered Turbulence for 462 gold
                  | pieces
 16310 | D:12     | Learned a level 5 spell: Irradiate
 16535 | D:12     | Reached skill level 1 in Transmutations
 16538 | D:12     | Reached *** piety under Cheibriados
 17731 | D:12     | Noticed a centaur warrior
 17739 | D:12     | Killed a centaur warrior
 17741 | D:12     | Reached skill level 5 in Fighting
 18821 | D:13     | Shot with an arrow by a centaur warrior

Illustrated notes

Levels and vault maps discovered:
D:1:      psy_arrival_dodecagon, layout_basic
D:2:      layout_loops_corners
D:3:      layout_basic, mainiacjoe_overflow_alcove_3, basic_ecumenical_altar,
          serial_shops, shop
D:4:      layout_basic, serial_glass, glass_columns_a, glass_columns_a,
          hellmonk_ghost_happy_afterlife, chequers_serial_rivers_micro_a,
          serial_park_tiny_1, dreamdust_gnoll_farm
D:5:      wad_crossroads, layout_basic, minmay_temple_entry_waves, serial_shops,
          nicolae_shop_hallway_plus, lemuel_flamethrower_2
D:6:      cheibrodos_helix_gallery, layout_cave_pools, serial_shops, shop
D:7:      layout_basic, doesnt_xom_only_xom
D:8:      layout_cave_pools, gammafunk_ghost_hydra_chop, minmay_manual_moon
D:9:      layout_basic, pdpol_wu_jian_five_deadly_venoms
D:10:     layout_cave_pools, elyvilon_altar_3, lair_entry_dummy,
          gammafunk_ghost_spectres, uniq_sonja, uniq_lodul
D:11:     layout_basic, uniq_snorg
D:12:     layout_cave_pods, minmay_orc_entry_temple_small, serial_shops,
          nicolae_shop_behind_doors, minmay_misc_feat_room
D:13:     layout_long_grid, david_vaults_1, uniq_urug
D:14:     layout_rooms, nzn_ghost_randoct
Temple:   hellmonk_temple_of_storms

Skill      XL: |  1  2  3  4  5  6  7  8  9 10 11 12 |
---------------+-------------------------------------+-----
Fighting       | 1 3 4 5 |  5.1
Earth Magic    | 4 5 6 7 8 9 10 11 | 11.2
Conjurations   | 1 2 3 4 5 7 9 10 11 | 11.2
Spellcasting   | 3 4 5 6 7 8 |  8.4
Maces & Flails | 1 2 3 4 |  4.8
Armour         | 2 3 |  3.0
Evocations     | 1 |  1.2
Translocations | 2 6 |  6.7
Invocations    | 1 5 6 |  6.3
Shields        | 1 |  1.2
Transmutations | 1 |  1.8
Dodging        | |  1.9
Stealth        | |  2.1

Action                     |  1- 3 |  4- 6 |  7- 9 | 10-12 || total
---------------------------+-------+-------+-------+-------++-------
  Melee: Hand axe          |     8 |       |       |       ||     8
         War axe           |       |       |    16 |       ||    16
         Morningstar       |       |       |       |   193 ||   193
         Punch             |       |       |       |     1 ||     1
   Cast: Sandblast         |    52 |    69 |    44 |    21 ||   186
         Stone Arrow       |       |       |    50 |   192 ||   242
         Iskenderun's Myst |       |       |       |    18 ||    18
  Evoke: Wand              |       |       |    14 |    15 ||    29
    Use: Scroll            |       |       |    24 |     5 ||    29
         Potion            |       |       |     1 |     2 ||     3
   Stab: Sleeping          |       |       |       |     1 ||     1
 Armour: Robe              |     1 |    30 |    21 |    52 ||   104
         Troll leather arm |       |       |       |   126 ||   126
  Dodge: Dodged            |     8 |    64 |    34 |   293 ||   399
